 Dungeon Crawl Stone Soup version 0.30-a0-782-ge64f9170bb (webtiles) character file.

Game seed: 17304258246724538670

55 vineage the Trooper (level 3, 0/24 HPs)
             Began as a Gargoyle Fighter on Mar 17, 2023.
             Slain by a gnoll
             ... wielding a +0 halberd
              (7 damage)
             ... on level 3 of the Dungeon.
             The game lasted 00:01:54 (1540 turns).

vineage the Trooper (Gargoyle Fighter)              Turns: 1540, Time: 00:01:54

Health: 0/24       AC: 10    Str: 21    XL:     3   Next: 93%
Magic:  3/3        EV:  9    Int:  8    God:
Gold:   47         SH:  4    Dex:  9    Spells: 2/2 levels left

rFire   . . .      SeeInvis .    a - +0 flail
rCold   . . .      Faith    .    c - +0 buckler
rNeg    + . .      Spirit   .    b - +0 scale mail
rPois   ∞          Reflect  .    (no helmet)
rElec   +          Harm     .    (no cloak)
rCorr   .          Rampage  .    (no gloves)
Will    .....                    (no boots) Stlth
                                 (no amulet)
HPRegen 0.24/turn                (no ring)
MPRegen 0.08/turn                (no ring)

@: mighty
A: sickness immunity, AC +3, negative energy resistance 1, electricity
resistance, torment resistance 1, petrification resistance
a: no special abilities


You were on level 3 of the Dungeon.
You visited 1 branch of the dungeon, and saw 3 of its levels.

You collected 47 gold pieces.

Inventory:

Hand Weapons
 a - a +0 flail (weapon)
Armour
 b - a +0 scale mail (worn)
 c - a +0 buckler (worn)
Wands
 j - a wand of paralysis (10)
Scrolls
 f - a scroll of teleportation {unknown}
 i - a scroll of fog {unknown}
 k - a scroll of torment {unknown}
 l - a scroll of amnesia {unknown}
Potions
 e - a potion of attraction {unknown}
 g - a potion of heal wounds {unknown}
 h - a potion of curing


   Skills:
 * Level 4.7 Fighting
 + Level 2.7 Maces & Flails
 - Level 3.2 Armour
 - Level 3.2 Shields


You had 2 spell levels left.
You didn't know any spells.
Your spell library contained the following spells:

 Spells                   Type           Power      Damage    Failure   Level
 Gell's Gravitas          Tloc           0%         N/A       99%         3
 Teleport Other           Tloc           0%         N/A       99%         3
 Dispersal                Tloc           0%         N/A       100%        6


Dungeon Overview and Level Annotations

Branches:
Dungeon (3/15)

Altars:
Cheibriados


Innate Abilities, Weirdness & Mutations

You are immune to sickness and miasma.
Your stone body is resilient. (AC +3)
You are immune to poison.
You resist negative energy. (rN+)
You are resistant to electric shocks. (rElec)
You are resistant to unholy torment.
You are immune to petrification.


Message History

You kill the kobold!
You barely miss the gnoll. The gnoll hits you but does no damage.
You closely miss the gnoll.
The gnoll hits you but does no damage. x2
You closely miss the gnoll. The gnoll closely misses you.
The gnoll hits you with a +0 club!
The gnoll hits you from afar with a +0 halberd!
The gnoll hits you with a +0 club.
You are too injured to fight recklessly!
You are too injured to fight recklessly!
You are too injured to fight recklessly!
You are too injured to fight recklessly!
You are too injured to fight recklessly!
You are too injured to fight recklessly!
You are too injured to fight recklessly!
You are too injured to fight recklessly!
You are too injured to fight recklessly!
You are too injured to fight recklessly!
You are too injured to fight recklessly!
You are too injured to fight recklessly!
You are too injured to fight recklessly!
You are too injured to fight recklessly!
You are too injured to fight recklessly!
You are too injured to fight recklessly!
You barely miss the gnoll. You block the gnoll's attack.
You barely miss the gnoll. The gnoll closely misses you.
You sock the gnoll!
The gnoll is severely wounded.
The gnoll hits you with a +0 club.
* * * LOW HITPOINT WARNING * * *
The gnoll hits you but does no damage.
You bludgeon the gnoll!!
You kill the gnoll!
You thump the gnoll!
The gnoll is almost dead.
The gnoll barely misses you.
You hit the gnoll.
You kill the gnoll!
The gnoll hits you but does no damage.
The gnoll hits you from afar with a +0 halberd!
You die...

#.......# #....#
.......# #....#
......# #.>..+ ...g.+
#....###### .g..#
###.........#
...######
............#
#........
######.)......######.#
.(..).........'.@)g).#
######........########
.#####'######.#
..............#
.........######
♣._.♣....).#..
...........#.#
...........#.#
...........#.


You could see a gnoll.

Vanquished Creatures
  2 gnolls (D:3)
  5 orcs (D:3)
  3 ball pythons (D:1)
  4 endoplasms
  A hobgoblin (D:1)
  2 jackals (D:2)
  5 kobolds
  A quokka (D:1)
  4 bats
  2 frilled lizards (D:1)
  5 goblins
  4 rats
38 creatures vanquished.

Notes
Turn   | Place    | Note
-------+----------+-------------------------------------------
     0 | D:1      | vineage the Gargoyle Fighter began the quest for the Orb.
     0 | D:1      | Reached XP level 1. HP: 14/14 MP: 1/1
   104 | D:1      | Reached XP level 2. HP: 17/20 MP: 2/2
   249 | D:1      | Found a faded altar of an unknown god.
   266 | D:1      | Reached skill level 4 in Fighting
   785 | D:2      | Reached XP level 3. HP: 24/24 MP: 3/3
  1435 | D:3      | Found a snail-covered altar of Cheibriados.
  1540 | D:3      | Slain by a gnoll

Illustrated notes

Levels and vault maps discovered:
D:1:      heliophobic_arrival_enchanted_forest, layout_basic,
          hellmonk_ecumenical_altar_inner_sanctum, kennysheep_doodads
D:2:      layout_basic, minmay_tetromino_s2
D:3:      layout_basic, mainiacjoe_overflow_catwalk, grunt_temple_overflow_open,
          mainiacjoe_overflow_tiny_flanked, serial_shops, shop, uniq_grinder,
          uniq_jessica

Skill      XL: |  1  2 |
---------------+-------+-----
Fighting       | 4 |  4.7
Maces & Flails | |  2.7
Armour         | |  3.2
Shields        | |  3.2

Action                     || total
---------------------------++-------
  Melee: Flail             ||   119
    Use: Potion            ||     2
 Armour: Scale mail        ||    85
  Dodge: Dodged            ||    48
  Block: Buckler           ||    27

Table legend: (Time is in decaauts)
 A = Elapsed time spent in this place.
 B = Non-inter-level travel time spent in this place.
 C = Inter-level travel time spent in this place.
 D = Time resting spent in this place.
 E = Time spent auto-exploring this place.
 F = Levels seen in this place.
 G = Mean time per level.
                   A        B        C        D        E       F      G
               +--------+--------+--------+--------+--------+-----+--------+
         Total |   1577 |   1518 |     59 |      0 |   1245 |   3 |  525.7 |
       Dungeon |   1577 |   1518 |     59 |      0 |   1245 |   3 |  525.7 |
               +--------+--------+--------+--------+--------+-----+--------+

Top non-repeatable levels by time:
     D:1: 739 daAuts
     D:2: 710 daAuts
     D:3: 127 daAuts
